 Dungeon Crawl Stone Soup version 0.17.0-15-g6d90897 (webtiles) character file.

150 oplop the Sneak (level 5, 0/24 HPs)
             Began as a Spriggan Enchanter on Nov 10, 2015.
             Slain by an orc
             ... wielding a +0 mace
              (3 damage)
             ... on level 3 of the Dungeon.
             The game lasted 00:04:12 (1875 turns).

oplop the Sneak (Spriggan Enchanter)                Turns: 1875, Time: 00:04:12

Health: 0/24       AC:  3    Str:  4    XL:     5   Next: 10%
Magic:  7/12       EV: 19    Int: 18    God:
Gold:   113        SH:  0    Dex: 16    Spells: 2 memorised, 9 levels left

rFire  . . .     SeeInvis +     a - +1 dagger
rCold  . . .     Clarity  .     b - +1 robe
rNeg   . . .     SustAt   .     (shield restricted)
rPois  .         Gourm    .     (helmet restricted)
rElec  .         Spirit   .     (no cloak)
rCorr  .         Warding  .     (gloves unavailable)
rMut   .         Stasis   .     (boots unavailable)
MR     .....                    (no amulet)
Stlth  ++++......               (no ring)
                                (no ring)

@: very quick, not resistant to hostile enchantments, stealthy
A: unfitting armour, see invisible, herbivore 3, speed 3, slow metabolism 2
a: no special abilities


You were on level 3 of the Dungeon.
You were not hungry.

You visited 1 branch of the dungeon, and saw 3 of its levels.

You collected 113 gold pieces.

Inventory:

Hand Weapons
 a - a +1 dagger (weapon)
Armour
 b - a +1 robe (worn)
Jewellery
 j - an uncursed amulet of stasis {unknown}
 m - a cursed ring of see invisible {unknown}
Scrolls
 e - 2 scrolls of amnesia {unknown}
 f - 3 scrolls of identify {unknown}
 g - a scroll of noise {unknown}
 h - a scroll of remove curse {unknown}
 n - 2 scrolls of enchant armour {unknown}
 o - a scroll of random uselessness {unknown}
Potions
 i - 2 potions of haste {unknown}
 k - a potion of ambrosia {unknown}
 l - a potion of invisibility {unknown}
Books
 c - a book of Maledictions

   Spells                             Type                      Level
   a - Corona                         Hexes                        1
   b - Ensorcelled Hibernation        Hexes/Ice                    2
   c - Confuse                        Hexes                        3
   d - Tukima's Dance                 Hexes                        3
   e - Dazzling Spray                 Conjuration/Hexes            3
Comestibles
 d - 4 bread rations


   Skills:
 - Level 1.1 Short Blades
 + Level 4.4 Dodging
 + Level 5.7 Stealth
 + Level 4.2 Spellcasting
 + Level 4.6 Hexes


You had 9 spell levels left.
You knew the following spells:

 Your Spells              Type           Power        Failure   Level  Hunger
a - Corona                Hex            ###....      1%          1    None
b - Ensorcelled Hibernat  Hex/Ice        ##....       12%         2    ##.....


Dungeon Overview and Level Annotations

Branches:
Dungeon (3/15)

Altars:


Innate Abilities, Weirdness & Mutations

You are tiny and cannot use many weapons and most armour.
You have supernaturally acute eyesight.
You are a herbivore.
You cover ground extremely quickly.
You need consume almost no food.


Message History

Casting: Ensorcelled Hibernation
Confirm with . or Enter, or press ? or * to list all spells.
Aiming: Ensorcelled Hibernation
Press: ? - help, Shift-Dir - straight line, f - orc wizard
Aim: an orc wizard, wielding a dagger and wearing a robe (fast, chance to defeat MR: 42%)
The orc wizard resists with some effort.
The orc wizard barely misses you.
Casting: Ensorcelled Hibernation
Confirm with . or Enter, or press ? or * to list all spells.
Aiming: Ensorcelled Hibernation
Press: ? - help, Shift-Dir - straight line, f/p - orc wizard
Aim: an orc wizard, wielding a dagger and wearing a robe (fast, chance to defeat MR: 42%)
The orc wizard looks drowsy...
The orc completely misses you.
The helpless orc wizard fails to defend itself.
You impale the orc wizard!!
You kill the orc wizard!
You have reached level 5!
You feel clever. The orc hits you with a mace.
You die...

#.......#......
#...#....).....o...
#...#..........oo.#
#...#......#####...
#...######## ###. #l..#
## #...# # #...#
#)@.###### #####
###o##....## ##....
###.....ยง..>.####..###
.................).##
####..........######
#..........# #
#........r.#######..
##..................
###########..#.....


You could see an orc and a giant newt.

Vanquished Creatures
  An orc wizard (D:3)
  Natasha (twice) (D:2)
  2 adders (D:2)
  3 oozes
  A worm (D:3)
  A giant gecko (D:1)
  2 orcs (D:3)
  A ball python (D:2)
  4 giant cockroaches
  3 goblins
  4 hobgoblins
  2 jackals (D:1)
  A quokka (D:2)
  6 bats
  4 giant newts
  13 kobolds
  4 rats (D:1)
54 creatures vanquished.

Notes
Turn   | Place    | Note
--------------------------------------------------------------
     0 | D:1      | oplop the Spriggan Enchanter began the quest for the Orb.
     0 | D:1      | Reached XP level 1. HP: 9/9 MP: 5/5
   119 | D:1      | Reached XP level 2. HP: 7/13 MP: 6/6
   139 | D:1      | Learned a level 2 spell: Ensorcelled Hibernation
   945 | D:1      | Reached XP level 3. HP: 11/16 MP: 8/8
  1031 | D:1      | Reached skill level 5 in Stealth
  1299 | D:2      | Noticed Natasha
  1306 | D:2      | Killed Natasha
  1306 | D:2      | Reached XP level 4. HP: 21/21 MP: 7/10
  1550 | D:2      | Noticed Natasha
  1557 | D:2      | Killed Natasha
  1875 | D:3      | Reached XP level 5. HP: 3/24 MP: 7/12
  1875 | D:3      | Slain by an orc

Action                   |  1- 3 |  4- 6 || total
-------------------------+-------+-------++-------
Melee: Dagger            |    97 |    63 ||   160
 Cast: Ensorcelled Hiber |     9 |     7 ||    16
 Stab: Sleeping          |    18 |    14 ||    32
